 Dungeon Crawl Stone Soup version 0.29.1-14-g9c671dbff4 (webtiles) character file.

Game seed: 7417628531215634115

2499 Kangrisorn the Shield-Bearer (level 9, -12/80 HPs)
             Began as a Minotaur Fighter on Feb 17, 2023.
             Was an Initiate of Okawaru.
             Mangled by a hornet (13 damage)
             ... on level 7 of the Dungeon.
             The game lasted 00:17:47 (5029 turns).

Kangrisorn the Shield-Bearer (Minotaur Fighter)     Turns: 5029, Time: 00:17:47

Health: -12/80     AC: 14    Str: 25    XL:     9   Next: 28%
Magic:  8/8        EV:  8    Int:  5    God:    Okawaru [......]
Gold:   83         SH:  5    Dex: 10    Spells: 8/8 levels left

rFire   . . .      SeeInvis +   a - +3 war axe
rCold   . . .      Faith    .   c - +0 buckler
rNeg    + . .      Spirit   .   h - +0 chain mail
rPois   .          Reflect  .   (helmet restricted)
rElec   .          Harm     .   m - +0 cloak of Diaroe {rN+ Regen+ Stlth-}
rCorr   .          Rampage  .   x - +0 pair of gloves
Will    .....                   v - +0 pair of boots
Stlth   ..........              (no amulet)
HPRegen 1.03/turn               b - ring of see invisible
MPRegen 0.11/turn               (no ring)

@: lethally poisoned (-12 -> -16), slowed, very slow
A: horns 2, retaliatory headbutt
a: Renounce Religion


You were on level 7 of the Dungeon.
You worshipped Okawaru.
Okawaru was noncommittal.
You visited 2 branches of the dungeon, and saw 8 of its levels.

You collected 258 gold pieces.
You spent 175 gold pieces at shops.

Inventory:

Hand Weapons
 a - a +3 war axe (weapon)
Missiles
 g - 4 javelins
 j - 15 atropa-tipped darts (quivered)
 k - 4 curare-tipped darts
 o - 7 poisoned darts
Armour
 c - a +0 buckler (worn)
 h - a +0 chain mail (worn)
 m - the +0 cloak of Diaroe (worn) {rN+ Regen+ Stlth-}
   (You acquired it on level 3 of the Dungeon)

   rN:        It protects you from negative energy.
   Regen:     It increases your rate of health regeneration.
   Stlth:     It makes you less stealthy.
 v - a +0 pair of boots (worn)
 x - a +0 pair of gloves (worn)
Jewellery
 b - a ring of see invisible (left hand)
Wands
 l - a wand of roots (14)
 r - a wand of polymorph (11)
Scrolls
 i - 2 scrolls of teleportation
 t - a scroll of blinking
Potions
 d - 2 potions of might
 e - 2 potions of berserk rage
 f - a potion of flight
 n - a potion of lignification
 p - a potion of curing
 q - 2 potions of cancellation
 s - a potion of haste {unknown}
 u - a potion of ambrosia {unknown}
 w - a potion of brilliance


   Skills:
 + Level 7.7 Fighting
 + Level 7.0 Axes
 + Level 5.2 Throwing
 + Level 7.7 Armour
 + Level 7.8 Shields


You had 8 spell levels left.
You didn't know any spells.
Your spell library contained the following spells:

 Spells                   Type           Power      Damage    Failure   Level
 Apportation              Tloc           0%         N/A       98%         1
 Necrotise                Necr           0%         1d4       98%         1
 Blink                    Tloc           0%         N/A       99%         2
 Lesser Beckoning         Tloc           0%         N/A       100%        3
 Vampiric Draining        Necr           0%         2d6       100%        3
 Agony                    Necr           0%         N/A       100%        5
 Manifold Assault         Tloc           0%         N/A       100%        5
 Summon Small Mammal      Summ           Unusable   N/A       N/A         1

Dungeon Overview and Level Annotations

Branches:
Dungeon (7/15)             Temple (1/1) D:7

Altars:
Ashenzari
Cheibriados
Dithmenos
Elyvilon
Fedhas
Gozag
Kikubaaqudgha
Nemelex Xobeh
Okawaru
Qazlal
Uskayaw
Vehumet
Wu Jian
Yredelemnul
Zin
The Shining One

Shops:
D:1 [   D:4 (   D:5 [

Annotations:
D:5 3 runed translucent doors, waddelsworth's ghost, amateur TrFi


Innate Abilities, Weirdness & Mutations

You have a pair of horns on your head.
You reflexively headbutt those who attack you in melee.


Message History

The hornet closely misses you. The hornet barely misses you.
The hornet stings you!
You are more poisoned.
You feel as though you will be slow longer.
You closely miss the hornet.
The hornet is moderately wounded.
You feel extremely sick. The hornet stings you.
You feel as though you will be slow longer.
The hornet stings you!
You feel as though you will be slow longer.
The hornet barely misses you.
You slash the hornet!
The hornet is heavily wounded.
You feel very sick. You block the hornet's attack. The hornet stings you.
* * * LOW HITPOINT WARNING * * *
You are more poisoned.
You feel as though you will be slow longer.
You block the hornet's attack.
You barely miss the hornet.
The hornet is heavily wounded.
You feel extremely sick.
The hornet barely misses you. x2; You furiously retaliate!
You headbutt the hornet. You barely miss the hornet.
The hornet is severely wounded.
You feel very sick.
The hornet stings you but does no damage.
The hornet stings you.
* * * LOW HITPOINT WARNING * * *
You are lethally poisoned!
You feel as though you will be slow longer.
The hornet barely misses you.
You closely miss the hornet.
The hornet is heavily wounded.
* * * LOW HITPOINT WARNING * * *
You feel very sick.
You block the hornet's attack. x2; The hornet stings you!
You die...

..# ###.. #.... #...
#..# #..# #y.#
######@.# .........##
#
..........######.#.#
#.#####......<......#
#.#............#####
#.#.###..#.##..#
#........#.##..#
###.####.#.##..#
######.####.#.##..#


You could see a hornet.

Vanquished Creatures
  Maggie (D:7)
  Prince Ribbit (D:6)
  A water moccasin (D:6)
  Duvessa (D:5)
  A black bear (D:5)
  2 ogres
  3 centaurs
  A phantom (D:5)
  A bullfrog (D:4)
  3 necrophages
  2 scorpions (D:5)
  Dowan (D:5)
  2 hounds (D:6)
  5 jellies
  5 orc priests
  Jessica (D:3)
  4 orc wizards
  2 iguanas
  15 adders
  A gnoll (D:5)
  2 shadow imps
  A white imp (D:6)
  4 ufetubi (D:6)
  A worm (D:2)
  3 dart slugs
  18 orcs
  9 ball pythons
  6 bats
  8 endoplasms
  5 giant cockroaches
  10 hobgoblins
  3 quokkas
  4 frilled lizards
  4 goblins
  9 kobolds
  4 rats
144 creatures vanquished.

Notes
Turn   | Place    | Note
-------+----------+-------------------------------------------
     0 | D:1      | Kangrisorn the Minotaur Fighter began the quest for the
                  | Orb.
     0 | D:1      | Reached XP level 1. HP: 19/19 MP: 0/0
   151 | D:1      | Found Cothrubbe's Armour Emporium.
   187 | D:1      | Reached XP level 2. HP: 26/27 MP: 1/1
   502 | D:1      | Found a faded altar of an unknown god.
   510 | D:1      | Reached XP level 3. HP: 33/33 MP: 2/2
   874 | D:1      | Bought a +0 chain mail for 54 gold pieces
  1084 | D:2      | Found a radiant altar of Vehumet.
  1128 | D:2      | Reached skill level 1 in Throwing
  1351 | D:2      | Reached XP level 4. HP: 40/40 MP: 3/3
  1758 | D:3      | Noticed Jessica
  1761 | D:3      | Killed Jessica
  1771 | D:3      | Identified a scroll of acquirement
  1771 | D:3      | Acquired the +0 cloak of Diaroe {rN+ Regen+ Stlth-}
  1789 | D:3      | Reached XP level 5. HP: 47/47 MP: 4/4
  2430 | D:4      | Found Leol's Antique Weapon Shop.
  2482 | D:4      | Reached XP level 6. HP: 55/55 MP: 5/5
  2486 | D:4      | Reached skill level 5 in Fighting
  2486 | D:4      | Reached skill level 5 in Armour
  2486 | D:4      | Reached skill level 5 in Shields
  2553 | D:4      | Identified the +1 robe "Qesmokka" {rF+}
  2749 | D:5      | Entered Level 5 of the Dungeon
  2771 | D:5      | Reached XP level 7. HP: 44/61 MP: 6/6
  2913 | D:5      | Reached skill level 5 in Axes
  2946 | D:5      | Noticed Duvessa
  2948 | D:5      | Noticed Dowan
  2958 | D:5      | Killed Duvessa
  2960 | D:5      | Killed Dowan
  3047 | D:5      | Reached XP level 8. HP: 53/70 MP: 7/7
  3069 | D:5      | Found a snail-covered altar of Cheibriados.
  3215 | D:5      | Found a runed translucent gate.
  3215 | D:5      | Found a runed translucent gate.
  3215 | D:5      | Found a runed translucent gate.
  3221 | D:5      | Noticed waddelsworth's ghost (amateur TrFi)
  3454 | D:5      | Found Derhaidd's Antique Armour Emporium.
  3468 | D:5      | Bought a pair of boots for 121 gold pieces
  4238 | D:6      | Noticed Prince Ribbit
  4245 | D:6      | Killed Prince Ribbit
  4552 | D:6      | Reached XP level 9. HP: 79/79 MP: 8/8
  4651 | D:6      | Reached skill level 5 in Throwing
  4682 | D:7      | Found a staircase to the Ecumenical Temple.
  4697 | Temple   | Entered the Ecumenical Temple
  4822 | Temple   | Became a worshipper of Warmaster Okawaru
  4915 | D:7      | Noticed Maggie
  4937 | D:7      | Killed Maggie
  5029 | D:7      | HP: 1/80 [poisoned by a hornet]
  5029 | D:7      | Mangled by a hornet

Illustrated notes

Levels and vault maps discovered:
D:1:      mrwooster_arrival_statue_3, layout_basic, serial_shops,
          nicolae_shop_hallway_stairs, hellmonk_ecumenical_altar_run_dry,
          kennysheep_small_spiral, st_stairs_1
D:2:      layout_basic, basic_altar, kennysheep_generic_room_9
D:3:      layout_basic, skrybe_limestone_x, uniq_jessica
D:4:      layout_rooms, serial_shops, shop
D:5:      layout_cave_pools, kennysheep_slug_shrine, gammafunk_ghost_necromancy,
          minmay_misc_feat_encased, kennysheep_diamond, chequers_avenue,
          serial_bayou_pond_e, uniq_duvessa
D:6:      layout_basic, kennysheep_generic_room_8, uniq_prince_ribbit1
D:7:      layout_loops_ring, marbit_many_paths, trog_ov_bears_minmay,
          minmay_temple_entry_stoned_glass, uniq_maggie
Temple:   bh_familiar_temple

Skill      XL: |  1  2  3  4  5  6  7  8  9 |
---------------+----------------------------+-----
Fighting       | 4 5 6 7 |  7.7
Armour         | 4 5 6 7 |  7.7
Shields        | 4 5 6 7 |  7.8
Axes           | 3 4 5 6 7 |  7.0
Throwing       | 1 2 3 4 5 |  5.2

Action                   |  1- 3 |  4- 6 |  7- 9 || total
-------------------------+-------+-------+-------++-------
Melee: War axe           |    70 |    83 |   145 ||   298
       Headbutt          |     8 |     9 |    29 ||    46
Throw: Dart              |       |     4 |     1 ||     5
       Javelin           |       |     1 |     9 ||    10
  Use: Scroll            |     5 |    10 |     2 ||    17
 Stab: Distracted        |       |       |     1 ||     1
Armor: Scale mail        |    19 |       |       ||    19
       Chain mail        |    16 |    49 |    78 ||   143
Dodge: Dodged            |    31 |    28 |    49 ||   108
Block: Buckler           |    21 |    26 |    51 ||    98
